Description

This build is macro oriented. The goal is to have a solid composition based on zealot, immortal and archon with upgrades. The start is a sentry expand with a phoenix harass into a solid macro game.

  • Start with a sentry stalker expand with Stargate
  • If the oponent start with 2 stalkers, do 2 more stalkers before expand
  • Do 3 phoenix : Harass and scout with them all the game
  • Do a robo after the first phoenix (in this game i do it before because my oponent did a pylon close to my Stargate)
  • If you see nothing more than 2 gate with your sentry scout : Do a fast forge and a fast third
  • Only make Immortal, zealot and archon all the game and wait your oponent with a warp prism close to his base
  • Defend using batteryshield if you have any trouble. Be ready for the fight and prepare it
  • When he attack, drop with a warp cycle and split the zealots in all-in the base

VOD in French

VOD

https://youtu.be/XpfL6DMrfcA

Replay - Dystopia v zuka - En périphérie de Nulpar EC

Build Order

Get SALT Encoding   

  12  0:01  Probe  
  13  0:13  Probe  
  14  0:20  Pylon  
  14  0:22  Probe  
  15  0:34  Probe  
  15  0:38  Gateway  
  16  0:46  Probe  
  16  0:48  Assimilator x2  
  17  0:55  Probe  
  17  1:03  Probe  
  19  1:12  Probe  
  19  1:13  Gateway  
  20  1:24  Probe  
  21  1:28  Cybernetics Core  
  21  1:36  Probe  
  22  1:41  Pylon  
  23  1:55  Warp Gate  
  24  2:04  Sentry, Stalker  
  29  2:23  Pylon  
  29  2:32  Stargate  
  29  2:33  Pylon  
  29  2:47  Stalker x2  
  31  2:52  Shield Battery  
  33  3:12  Nexus  
  34  3:29  Robotics Facility  
  36  3:42  Phoenix  
  39  4:03  Pylon  
  39  4:12  Phoenix  
  39  4:17  Immortal  
  39  4:22  Forge  
  47  4:37  Phoenix  
  52  4:57  Observer  
  56  5:11  Assimilator x2  
  56  5:12  Protoss Ground Weapons Level 1  
  58  5:30  Nexus  
  60  5:48  Immortal  
  67  6:08  Twilight Council  
  67  6:10  Zealot  
  71  6:14  Gateway  
  71  6:22  Immortal, Gateway  
  79  6:42  Protoss Ground Weapons Level 2  
  80  6:52  Zealot x2  
  85  6:56  Immortal  
  85  6:59  Templar Archives  
  92  7:09  Charge  
  95  7:17  Assimilator  
  95  7:20  Zealot x2  
  99  7:28  Immortal  
  99  7:41  High Templar  
  109  7:52  Assimilator  
  109  7:56  Photon Cannon  
  109  8:03  Warp Prism  
  109  8:07  High Templar x2  
  115  8:16  High Templar  
  117  8:20  Archon x2  
  117  8:21  Zealot  
  119  8:27  Gateway x2  
  119  8:29  Immortal  
  119  8:33  Gateway x3  
  119  8:40  Gateway  
  123  8:49  Protoss Ground Weapons Level 3, High Templar x2  
  123  8:50  Zealot x2  
  131  9:06  Shield Battery  
  131  9:12  Zealot x2  
  131  9:14  Archon  
  135  9:27  Nexus  
  135  9:52  Fleet Beacon, High Templar x4  
  137  9:57  Archon x2  
Spawning Tool Build Advisor. Get it on Overwolf

Go to:

Details

  • Created by: zuka      
  • Published on: May 10, 2018
  • Modified on: May 12, 2018
  • Patch: 4.0.0
Show
View Real Time Build Order
Export as new Build Order

Comments (0)

There are no comments. Be the first!

Create an account to comment!